 Dungeon Crawl Stone Soup version 0.26.1-2-gb8aa6d0cf2 (webtiles) character file.

Game seed: 10286432458143454199

310 RaHiT the Sneak (level 6, 0/42 HPs)
             Began as an Octopode Delver on Mar 25, 2021.
             Was a Priest of Cheibriados.
             Killed by nerve-wracking pain
             ... invoked by an orc priest
              (14 damage)
             ... on level 5 of the Dungeon.
             The game lasted 00:18:09 (3160 turns).

RaHiT the Sneak (Octopode Delver)                   Turns: 3160, Time: 00:18:09

Health: 0/42       AC:  1    Str: 18    XL:     6   Next: 41%
Magic:  17/17      EV: 16    Int: 21    God:    Cheibriados [***...]
Gold:   240        SH:  0    Dex: 21    Spells: 8/8 levels left

rFire    . . .     SeeInvis .     - Unarmed
rCold    . . .     Faith    .   (no shield)
rNeg     . . .     Spirit   .   (helmet restricted)
rPois    .         Reflect  .   i - amulet of magic regeneration
rElec    .         Harm     .   x - ring of magical power
rCorr    .         Rampage  .   (no ring)
Will     .....                  (no ring)
Stlth    +++++.....             (no ring)
HPRegen  0.14/turn              (no ring)
MPRegen  0.40/turn              (no ring)
                                (no ring)
                                (no ring)

@: very slow
A: almost no armour, stealthy swim, amphibious, 8 rings, constrict 8, camouflage
1, gelatinous body 1
a: Renounce Religion, Bend Time, Temporal Distortion


You were on level 5 of the Dungeon.
You worshipped Cheibriados.
Cheibriados was most pleased with you.
You visited 1 branch of the dungeon, and saw 6 of its levels.

You collected 240 gold pieces.

Inventory:

Hand Weapons
 u - a +2 dagger of holy wrath
 v - a +1 dagger of venom
Missiles
 h - 7 curare-tipped darts (quivered)
 j - 85 stones
 l - 98 sling bullets
 r - 52 bolts
 t - 35 arrows
Jewellery
 i - an amulet of magic regeneration (around mantle)
 x - a ring of magical power (left tentacle)
Wands
 e - a wand of digging (2)
 y - a wand of disintegration (9)
Scrolls
 a - 3 scrolls of fog
 b - 2 scrolls of magic mapping
 c - 2 scrolls of fear
 g - 3 scrolls of remove curse
 n - a scroll of enchant weapon {unknown}
 o - a scroll of immolation {unknown}
 p - a scroll of amnesia {unknown}
 s - a scroll of blinking {unknown}
 w - 3 scrolls of enchant armour {unknown}
Potions
 d - a potion of haste
 f - 2 potions of cancellation
 k - 2 potions of heal wounds
 m - 2 potions of degeneration {unknown}
 q - a potion of curing


   Skills:
 * Level 3.1 Fighting
 - Level 1.0 Throwing
 - Level 4.0 Dodging
 + Level 7.5 Stealth
 - Level 4.0 Unarmed Combat
 + Level 1.5 Spellcasting
 - Level 1.0 Evocations


You had 8 spell levels left.
You didn't know any spells.
Your spell library was empty.

Dungeon Overview and Level Annotations

Branches:
Dungeon (6/15)
 Temple: D:4-7

Altars:
Cheibriados
Fedhas
Kikubaaqudgha
Nemelex Xobeh
Sif Muna
Vehumet
Yredelemnul
Zin
The Shining One

Annotations:
D:4 exclusion: ogre


Innate Abilities, Weirdness & Mutations

You cannot wear most types of armour.
You are very stealthy in the water. (Stealth+)
You are amphibious.
You can wear up to eight rings at the same time.
You can use your tentacles to constrict eight enemies at once.
Your skin changes colour to match your surroundings (Stealth+).
Your rubbery body absorbs attacks. (AC +1, EV +1)


Message History

The orc wizard hits you with a +0 dagger.
The orc hits you.
You tentacle-slap the orc wizard. You squeeze the orc wizard.
The orc wizard is almost dead.
You constrict the orc wizard.
You kill the orc wizard!
Cheibriados appreciates the change of pace.
The orc barely misses you. The orc priest hits you.
You tentacle-slap the orc priest. You grab the orc priest.
The orc priest is lightly wounded.
You constrict the orc priest. The orc misses you.
You tentacle-slap the orc priest but do no damage.
The orc priest is heavily wounded.
You constrict the orc priest. The orc priest barely misses you.
You barely miss the orc priest.
The orc priest is severely wounded.
You constrict the orc priest.
The orc priest mumbles some strange prayers to Beogh against you.
Pain shoots through your body!
You die...

#.# #.# ### #.#
..# #.# #.# #.#
.. #.# #.#
....###.######.#
#...o.o.......#
######@########
#o# .o# ...#
#####


You could see an orc priest, an orc wizard and 2 orcs.

Vanquished Creatures
  A bullfrog zombie (D:5)
  3 orc wizards
  Ijyb (D:3)
  Terence (D:3)
  3 adders
  A shadow imp (D:5)
  2 worms
  The ghost of wpisznazwe the Sneak, a weakling DsDe (D:3)
  5 dart slugs
  2 leopard geckos
  5 orcs
  3 ball pythons
  5 giant cockroaches
  6 goblins
  9 hobgoblins
  5 jackals
  11 kobolds
  A quokka (D:2)
  8 bats
  8 frilled lizards
  8 rats
89 creatures vanquished.

Vanquished Creatures (others)
  A jackal (D:1)
  15 plants (D:4)
16 creatures vanquished.

Grand Total: 105 creatures vanquished

Notes
Turn   | Place    | Note
-------+----------+-------------------------------------------
     0 | D:5      | RaHiT the Octopode Delver began the quest for the Orb.
     0 | D:5      | Reached XP level 1. HP: 16/16 MP: 1/1
     7 | D:6      | Noticed an orc warrior
    16 | D:5      | Found a snail-covered altar of Cheibriados.
    25 | D:5      | Became a worshipper of Cheibriados the Contemplative
    35 | D:5      | Reached skill level 7 in Stealth
    35 | D:5      | Reached skill level 1 in Evocations
    35 | D:5      | Reached XP level 2. HP: 16/21 MP: 1/3
    35 | D:5      | Reached XP level 3. HP: 20/26 MP: 1/4
   127 | D:5      | Found a basalt altar of Yredelemnul.
   131 | D:5      | Found a glowing golden altar of the Shining One.
   133 | D:5      | Found a radiant altar of Vehumet.
   135 | D:5      | Found a shimmering blue altar of Sif Muna.
   170 | D:4      | Noticed an ogre
   242 | D:3      | Noticed Terence
   269 | D:3      | Noticed Ijyb
   283 | D:3      | Killed Ijyb
   284 | D:3      | Reached skill level 1 in Spellcasting
   284 | D:3      | Reached XP level 4. HP: 17/31 MP: 5/5
   481 | D:1      | Reached * piety under Cheibriados
  1402 | D:2      | Reached XP level 5. HP: 36/36 MP: 6/6
  1478 | D:3      | Reached ** piety under Cheibriados
  1494 | D:3      | Reached skill level 1 in Throwing
  1737 | D:2      | Found a sparkling altar of Nemelex Xobeh.
  2176 | D:3      | Killed Terence
  2247 | D:3      | Found a large runed translucent door.
  2248 | D:3      | Found a large runed translucent door.
  2249 | D:3      | Noticed wpisznazwe's ghost (weakling DsDe)
  2454 | D:3      | Found a glowing silver altar of Zin.
  2710 | D:3      | Killed wpisznazwe's ghost
  2768 | D:4      | Reached XP level 6. HP: 28/42 MP: 7/7
  2791 | D:4      | Reached *** piety under Cheibriados
  2812 | D:4      | Found an ancient bone altar of Kikubaaqudgha.
  3005 | D:5      | Found a blossoming altar of Fedhas.
  3160 | D:5      | Killed from afar by an orc priest

Illustrated notes

Levels and vault maps discovered:
D:1:      evilmike_arrival_rings, layout_basic
D:2:      layout_basic, old_standard_altar
D:3:      layout_loops_ring, zin_treasury, ebering_ghost_disaster_area,
          uniq_ijyb, uniq_terence
D:4:      wad_woods_pond, layout_basic, lemuel_coloured_pillars_altar,
          uniq_duvessa, uniq_purgy
D:5:      layout_loops_corners, marbit_many_paths, general_overflow_altar,
          old_standard_altar, minitemple
D:6:      layout_layer_cave, minmay_temple_entry_glass, serial_shops, shop,
          serial_bayou_pond_c

Skill      XL: |  1  2  3  4  5  6 |
---------------+-------------------+-----
Stealth        | 7 |  7.5
Evocations     | 1 |  1.0
Dodging        | 3 4 |  4.0
Spellcasting   | 1 |  1.5
Unarmed Combat | 3 4 |  4.0
Throwing       | 1 |  1.0
Fighting       | |  3.1

Action                   |  1- 3 |  4- 6 || total
-------------------------+-------+-------++-------
Melee: Unarmed           |    20 |   140 ||   160
       Tentacles         |    10 |    46 ||    56
       Constrict         |     3 |    47 ||    50
       Punch             |       |     1 ||     1
Throw: Stone             |       |     5 ||     5
       Dart              |       |     3 ||     3
Evoke: Wand              |       |     1 ||     1
  Use: Scroll            |       |     3 ||     3
 Stab: Sleeping          |     3 |    26 ||    29
Armor: Skin              |     1 |     9 ||    10
Dodge: Dodged            |     8 |    81 ||    89
